Gangsters vs Carnivores
Created - 15 février 2014 at 22:36
Goals
|
| Gangsters |
1 |
2 |
3 |
6 |
| Carnivores |
0 |
1 |
3 |
4 |
|
Shots
|
| Gangsters |
4 |
16 |
13 |
33 |
| Carnivores |
1 |
5 |
13 |
19 |
|
1st period
1. Gangsters , Alexandre Bolduc 24 (Ryan Keller, Dave Dziurzynski) at 13:43
Penalties :
Cal O'Reilly (Bre) for Hooking (Minor) at 7:20, Dave Dziurzynski (Bro) for Holding (Minor) at 17:08
2nd period
2. Gangsters , Mikko Lehtonen 17 (Cory Murphy, Staffan Kronwall) at 13:14
3. Carnivores , Andy Miele 17 (Matt Cullen, Bobby Sanguinetti) at 14:58
4. Gangsters , Alexandre Bolduc 25 (Igor Radulov, Ryan Keller) at 15:14
Penalties :
Cal O'Reilly (Bre) for High sticking (Minor) at 4:41, Josef Melichar (Bre) for Roughing (Minor) at 10:55, Jeremy Welsh (Bre) for Goalie Interference (Minor) at 19:25
3rd period
5. Carnivores , Manny Malhotra 13 (Tim Conboy) at 1:39
6. Gangsters , Mikko Lehtonen 18 (Dave Dziurzynski) at 4:34
7. Gangsters , Maxime Sauvé 3 (Mikko Lehtonen, Colten Teubert) at 5:39
8. Gangsters , Igor Radulov 42 (Staffan Kronwall, Cory Murphy) at 8:23 (PP)
9. Carnivores , Manny Malhotra 14 (Tim Conboy, Jeremy Welsh) at 12:47
10. Carnivores , Matt Cullen 31 (Andy Miele) at 13:00
Penalties :
Bobby Sanguinetti (Bre) for High sticking (Minor) at 6:54
Goalie Stats
David LeNeveu (Bro), 15 saves from 19 shots - (0,789), W, 17-15-3, 60:00 minutes
Corey Crawford (Bre), 9 saves from 10 shots - (0,900), 14:21 minutes
Steve Mason (Bre), 18 saves from 23 shots - (0,783), L, 14-15-1, 45:39 minutes
Players Stats for Gangsters
Player Name G A P +/- PIM S H SB GA TA FO MP PP MP PK MP
------------------------------------------------------------------------------------
Alexandre Bolduc 2 0 2 1 0 9 2 0 0 1 13/36 22:07 5:24 0:26
Alexei Emelin 0 0 0 0 0 2 3 2 1 0 0/0 19:55 3:44 0:46
Ben Holmstrom 0 0 0 -1 0 0 0 0 0 0 4/11 17:31 3:49 0:00
Bradley Malone 0 0 0 0 0 0 0 0 0 0 0/0 0:23 0:00 0:00
Bryan Young 0 0 0 2 0 0 0 0 0 0 0/0 12:01 0:00 0:00
Chris Bourque 0 0 0 -1 0 1 2 0 1 0 0/0 18:45 3:49 0:46
Colten Teubert 0 1 1 2 0 0 0 0 0 0 0/0 12:01 0:00 0:00
Cory Murphy 0 2 2 -1 0 5 3 0 0 1 0/0 28:04 5:41 1:13
Dave Dziurzynski 0 2 2 1 2 1 1 0 1 0 0/0 11:27 0:00 0:00
Igor Radulov 1 1 2 -1 0 4 2 0 2 0 3/4 25:35 5:07 1:01
Luke Gazdic 0 0 0 0 0 0 1 0 1 0 0/0 6:20 0:00 0:00
Maxime Sauvé 1 0 1 1 0 2 0 0 1 0 1/4 12:54 0:12 0:00
Mikko Lehtonen 2 1 3 2 0 3 0 0 1 0 0/0 13:44 0:32 0:00
Nathan Moon 0 0 0 0 0 0 0 0 0 0 0/0 0:00 0:00 0:00
Phil McRae 0 0 0 1 0 0 1 0 0 0 0/2 7:54 0:00 0:32
Ryan Jones 0 0 0 -1 0 1 4 0 0 1 0/1 18:21 3:49 0:16
Ryan Keller 0 2 2 1 0 4 0 1 2 0 1/2 22:59 5:33 0:57
Staffan Kronwall 0 2 2 -1 0 1 2 2 1 0 0/0 28:04 5:41 1:13
Ville Koistinen 0 0 0 0 0 0 1 0 0 0 0/0 19:55 3:44 0:46
Players Stats for Carnivores
Player Name G A P +/- PIM S H SB GA TA FO MP PP MP PK MP
------------------------------------------------------------------------------------
Andrew Ference 0 0 0 -2 0 1 1 2 0 1 0/0 28:19 1:17 5:32
Andy Miele 1 1 2 0 0 7 0 3 0 2 0/0 25:04 0:51 5:22
Anton Gustafsson 0 0 0 0 0 0 0 0 0 0 0/0 0:12 0:00 0:00
Blake Geoffrion 0 0 0 -1 0 0 1 0 1 1 1/1 18:52 0:57 1:11
Bobby Sanguinetti 0 1 1 1 2 0 0 2 0 1 0/0 15:39 0:42 3:04
Cal O'Reilly 0 0 0 -2 4 1 2 0 0 0 3/3 13:48 0:17 0:00
Chris Butler 0 0 0 1 0 0 1 1 0 1 0/0 11:24 0:00 2:16
Chris Lawrence 0 0 0 -2 0 1 0 0 0 0 0/0 13:21 0:00 1:04
David Schlemko 0 0 0 -1 0 0 0 0 0 0 0/0 5:48 0:00 0:21
Jeremy Welsh 0 1 1 1 2 0 2 0 0 0 0/0 17:39 0:57 0:00
Jordie Benn 0 0 0 -1 0 0 0 0 0 0 0/0 4:36 0:00 0:00
Josef Melichar 0 0 0 -2 2 0 1 2 0 0 0/0 25:58 1:17 4:05
Keith Aulie 0 0 0 1 0 0 0 2 1 2 0/0 19:16 0:42 3:32
Kyle Wilson 0 0 0 -1 0 0 1 1 0 1 3/3 10:01 0:11 0:15
Manny Malhotra 2 0 2 2 0 2 1 4 0 1 9/17 21:46 0:51 2:46
Matt Cullen 1 1 2 -1 0 3 2 0 1 0 21/35 27:19 0:51 5:26
Phil Oreskovic 0 0 0 1 0 1 0 0 0 0 0/0 10:51 0:00 0:00
Tim Conboy 0 2 2 1 0 3 1 0 0 1 1/1 20:37 1:02 2:46
3 Stars
1 - Mikko Lehtonen (Bro)
2 - Manny Malhotra (Bre)
3 - Alexandre Bolduc (Bro)
Power Play
Gangsters - 1 on 5 Attempt(s) - 20,00%
Carnivores - 0 on 1 Attempt(s) - 0,00%
Penalty Kill
Gangsters - 1 on 1 Attempt(s) - 100,00%
- Score 0 goal in Penalty Kill
Carnivores - 4 on 5 Attempt(s) - 80,00%
- Score 0 goal in Penalty Kill
Official
Referees : Walkom Stephen and Peel Tim
Linesman : Thor Nelson and Dan Schachte
Game Notes
Corey Crawford enters game at 5:39 of 3rd period
Bobby Sanguinetti is injured at 9:39 of 3rd period (Sprained Left Ankle)
10:28 of 3rd period - Carnivores goal is going for a video replay. After video review, No Goal. The puck has been kicked using a distinct kicking motion.
Finance
Level 1 -- Attendance: 1558 (77,90%) -- Ticket Income 56 088 $
Level 2 -- Attendance: 743 (74,30%) -- Ticket Income 12 631 $
Total Attendance: 2301 (76,70%)
Total Ticket Income: 68 719 $
Other Income: 3 436 $
Total Income: 72 155 $
Gangsters
5 vs 5 Forward
Center Left Wing Right Wing Time % Phy DF OF
1 Alexandre Bolduc Igor Radulov Ryan Keller 40 1 2 2
2 Ben Holmstrom Chris Bourque Ryan Jones 30 1 2 2
3 Maxime Sauvé Dave Dziurzynski Mikko Lehtonen 20 1 2 2
4 Phil McRae Luke Gazdic Igor Radulov 10 1 2 2
5 vs 5 Defense
Defense Defense Time % Phy DF OF
1 Staffan Kronwall Cory Murphy 40 1 2 2
2 Alexei Emelin Ville Koistinen 30 1 2 2
3 Bryan Young Colten Teubert 20 1 2 2
4 Staffan Kronwall Cory Murphy 10 1 2 2
PowerPlay Forward
Center Left Wing Right Wing Time % Phy DF OF
1 Alexandre Bolduc Igor Radulov Ryan Keller 60 1 2 2
2 Ben Holmstrom Chris Bourque Ryan Jones 40 1 2 2
PowerPlay Defense
Defense Defense Time % Phy DF OF
1 Staffan Kronwall Cory Murphy 60 1 2 2
2 Alexei Emelin Ville Koistinen 40 1 2 2
Penalty Kill 4 Players Forward
Center Wing Time % Phy DF OF
1 Igor Radulov Ryan Keller 60 1 2 2
2 Chris Bourque Ryan Jones 40 1 2 2
Penalty Kill 4 Players Defense
Defense Defense Time % Phy DF OF
1 Staffan Kronwall Cory Murphy 60 1 2 2
2 Alexei Emelin Ville Koistinen 40 1 2 2
Penalty Kill - 3 Players Forward
Forward Time % Phy DF OF
1 Igor Radulov 60 1 2 2
2 Ryan Keller 40 1 2 2
Penalty Kill - 3 Players Defense
Defense Defense Time % Phy DF OF
1 Staffan Kronwall Cory Murphy 60 1 2 2
2 Alexei Emelin Ville Koistinen 40 1 2 2
4 vs 4 Forward
Center Wing Time % Phy DF OF
1 Igor Radulov Ryan Keller 60 1 2 2
2 Chris Bourque Ryan Jones 40 1 2 2
4 vs 4 Defense
Defense Defense Time % Phy DF OF
1 Staffan Kronwall Cory Murphy 60 1 2 2
2 Alexei Emelin Ville Koistinen 40 1 2 2
Last Minutes Offensive
Center Left Wing Right Wing Defense Defense
Alexandre Bolduc Igor Radulov Ryan Keller Staffan Kronwall Cory Murphy
Last Minutes Defensive
Center Left Wing Right Wing Defense Defense
Alexandre Bolduc Igor Radulov Ryan Keller Staffan Kronwall Cory Murphy
Goaltenders
Starting : David LeNeveu
Backup : Dustin Tokarski
Extra Forwards
Normal : Mikko Lehtonen, Maxime Sauvé, Phil McRae - PP : Mikko Lehtonen, Maxime Sauvé - PK : Phil McRae
Extra Defensemen
Normal : Bryan Young, Colten Teubert, Alexei Emelin - PP : Bryan Young - PK : Colten Teubert, Alexei Emelin
Penalty Shots
Igor Radulov, Ryan Keller, Chris Bourque, Ryan Jones, Alexandre Bolduc
Carnivores
5 vs 5 Forward
Center Left Wing Right Wing Time % Phy DF OF
1 Matt Cullen Blake Geoffrion Andy Miele 40 1 2 2
2 Manny Malhotra Jeremy Welsh Tim Conboy 30 1 2 2
3 Cal O'Reilly Matt Cullen Chris Lawrence 20 1 2 2
4 Kyle Wilson Andy Miele Manny Malhotra 10 1 2 2
5 vs 5 Defense
Defense Defense Time % Phy DF OF
1 Andrew Ference Josef Melichar 40 1 2 2
2 Keith Aulie Bobby Sanguinetti 30 1 2 2
3 Phil Oreskovic Chris Butler 20 1 2 2
4 David Schlemko Jordie Benn 10 1 2 2
PowerPlay Forward
Center Left Wing Right Wing Time % Phy DF OF
1 Matt Cullen Blake Geoffrion Andy Miele 60 1 2 2
2 Manny Malhotra Jeremy Welsh Tim Conboy 40 1 2 2
PowerPlay Defense
Defense Defense Time % Phy DF OF
1 Andrew Ference Josef Melichar 60 1 2 2
2 Keith Aulie Bobby Sanguinetti 40 1 2 2
Penalty Kill 4 Players Forward
Center Wing Time % Phy DF OF
1 Matt Cullen Andy Miele 60 1 2 2
2 Manny Malhotra Tim Conboy 40 1 2 2
Penalty Kill 4 Players Defense
Defense Defense Time % Phy DF OF
1 Andrew Ference Josef Melichar 60 1 2 2
2 Keith Aulie Bobby Sanguinetti 40 1 2 2
Penalty Kill - 3 Players Forward
Forward Time % Phy DF OF
1 Matt Cullen 60 1 2 2
2 Andy Miele 40 1 2 2
Penalty Kill - 3 Players Defense
Defense Defense Time % Phy DF OF
1 Andrew Ference Josef Melichar 60 1 2 2
2 Keith Aulie Bobby Sanguinetti 40 1 2 2
4 vs 4 Forward
Center Wing Time % Phy DF OF
1 Matt Cullen Andy Miele 60 1 2 2
2 Manny Malhotra Tim Conboy 40 1 2 2
4 vs 4 Defense
Defense Defense Time % Phy DF OF
1 Andrew Ference Josef Melichar 60 1 2 2
2 Keith Aulie Bobby Sanguinetti 40 1 2 2
Last Minutes Offensive
Center Left Wing Right Wing Defense Defense
Matt Cullen Blake Geoffrion Andy Miele Andrew Ference Josef Melichar
Last Minutes Defensive
Center Left Wing Right Wing Defense Defense
Matt Cullen Blake Geoffrion Andy Miele Andrew Ference Josef Melichar
Goaltenders
Starting : Steve Mason
Backup : Corey Crawford
Extra Forwards
Normal : Cal O'Reilly, Kyle Wilson, Chris Lawrence - PP : Cal O'Reilly, Kyle Wilson - PK : Chris Lawrence
Extra Defensemen
Normal : Phil Oreskovic, Chris Butler, David Schlemko - PP : Phil Oreskovic - PK : Chris Butler, David Schlemko
Penalty Shots
Matt Cullen, Andy Miele, Manny Malhotra, Tim Conboy, Cal O'Reilly
% Time on Ice - Gangsters
Lines # - Real PCT - Wanted PCT - Time Play
Normal Forward
1 - 35% - 40% - 16:52
2 - 30% - 30% - 14:25
3 - 23% - 20% - 11:22
4 - 12% - 10% - 5:57
Normal Defense
1 - 38% - 40% - 18:38
2 - 32% - 30% - 15:25
3 - 25% - 20% - 12:01
4 - 5% - 10% - 2:32
PP Forward
1 - 59% - 60% - 5:36
2 - 41% - 40% - 3:49
PP Defense
1 - 60% - 60% - 5:41
2 - 40% - 40% - 3:44
PK Forward
1 - 87% - 60% - 1:43
2 - 13% - 40% - 0:16
PK Defense
1 - 61% - 60% - 1:13
2 - 39% - 40% - 0:46
PK3 Forward
1 - 0% - 60%
2 - 0% - 40%
PK3 Defense
1 - 0% - 60%
2 - 0% - 40%
44 Forward
1 - 0% - 60%
2 - 0% - 40%
44 Defense
1 - 0% - 60%
2 - 0% - 40%
Last Minute Offensive - 0:00
Last Minute Defensive - 0:00
Total
Forward - 60:00
Defense - 60:00
|
% Time on Ice - Carnivores
Lines # - Real PCT - Wanted PCT - Time Play
Normal Forward
1 - 35% - 40% - 17:14
2 - 37% - 30% - 17:52
3 - 21% - 20% - 10:00
4 - 7% - 10% - 3:30
Normal Defense
1 - 42% - 40% - 20:35
2 - 31% - 30% - 15:02
3 - 17% - 20% - 8:23
4 - 9% - 10% - 4:36
PP Forward
1 - 48% - 60% - 0:57
2 - 52% - 40% - 1:02
PP Defense
1 - 65% - 60% - 1:17
2 - 35% - 40% - 0:42
PK Forward
1 - 71% - 60% - 6:39
2 - 29% - 40% - 2:46
PK Defense
1 - 62% - 60% - 5:53
2 - 38% - 40% - 3:32
PK3 Forward
1 - 0% - 60%
2 - 0% - 40%
PK3 Defense
1 - 0% - 60%
2 - 0% - 40%
44 Forward
1 - 0% - 60%
2 - 0% - 40%
44 Defense
1 - 0% - 60%
2 - 0% - 40%
Last Minute Offensive - 0:00
Last Minute Defensive - 0:00
Total
Forward - 60:00
Defense - 60:00
|
Play by Play
1st period
0:01 of 1st period - Igor Radulov wins face-off versus Matt Cullen in neutral zone.
0:30 of 1st period - Slapshot by Manny Malhotra.
0:30 of 1st period - Shot Misses the Net.
0:38 of 1st period - Keith Aulie is hit by Cory Murphy and loses puck.
0:51 of 1st period - Wrist shot by Igor Radulov.
0:51 of 1st period - Stopped by Steve Mason with a rebound.
0:53 of 1st period - Slapshot by Cory Murphy.
0:53 of 1st period - Stopped by Steve Mason with a rebound.
0:55 of 1st period - Snap shot by Cory Murphy.
0:55 of 1st period - Shot Blocked by Manny Malhotra.
1:22 of 1st period - Slapshot by Ryan Keller.
1:22 of 1st period - Deflect By Tim Conboy.
1:22 of 1st period - Stopped by Steve Mason without a rebound.
1:23 of 1st period - Cal O'Reilly wins face-off versus Ben Holmstrom in Carnivores zone.
1:28 of 1st period - Snap shot by Cal O'Reilly.
1:28 of 1st period - Stopped by David LeNeveu with a rebound.
6:17 of 1st period - Staffan Kronwall is hit by Matt Cullen and loses puck.
7:20 of 1st period - Minor Penalty to Cal O'Reilly for Hooking.
7:21 of 1st period - Matt Cullen wins face-off versus Alexandre Bolduc in Carnivores zone.
9:20 of 1st period - Penalty to Cal O'Reilly is over, Cal O'Reilly is back on ice.
10:28 of 1st period - Icing by Cal O'Reilly.
10:29 of 1st period - Manny Malhotra wins face-off versus Maxime Sauvé in Carnivores zone.
10:44 of 1st period - Matt Cullen is hit by Staffan Kronwall.
11:21 of 1st period - Josef Melichar is hit by Dave Dziurzynski and loses puck.
11:30 of 1st period - Ryan Jones is hit by Kyle Wilson and loses puck.
13:43 of 1st period - Wrist shot by Alexandre Bolduc.
13:43 of 1st period - Goal by Alexandre Bolduc - Gangsters : 1 - Carnivores : 0.
13:44 of 1st period - Manny Malhotra wins face-off versus Alexandre Bolduc in neutral zone.
14:10 of 1st period - Matt Cullen is hit by Staffan Kronwall and loses puck.
15:04 of 1st period - Tim Conboy is hit by Alexei Emelin.
15:34 of 1st period - Wrist shot by Cal O'Reilly.
15:34 of 1st period - Shot Blocked by Staffan Kronwall.
16:22 of 1st period - Kyle Wilson is hit by Alexandre Bolduc and loses puck.
16:37 of 1st period - Tim Conboy is hit by Ryan Jones and loses puck.
17:08 of 1st period - Minor Penalty to Dave Dziurzynski for Holding.
17:09 of 1st period - Ryan Keller wins face-off versus Manny Malhotra in Gangsters zone.
17:09 of 1st period - Ryan Keller is hit by Jeremy Welsh.
18:18 of 1st period - Blake Geoffrion is hit by Chris Bourque and loses puck.
19:08 of 1st period - Penalty to Dave Dziurzynski is over, Dave Dziurzynski is back on ice.
19:13 of 1st period - Off-side.
19:14 of 1st period - Cal O'Reilly wins face-off versus Maxime Sauvé in neutral zone.
19:50 of 1st period - Off-side.
19:51 of 1st period - Manny Malhotra wins face-off versus Ben Holmstrom in neutral zone.
Goals for this period are 1 for Gangsters vs 0 for Carnivores.
Shots for this period are 4 for Gangsters vs 1 for Carnivores.
2nd period
0:01 of 2nd period - Matt Cullen wins face-off versus Alexandre Bolduc in neutral zone.
1:20 of 2nd period - Slapshot by Cory Murphy.
1:20 of 2nd period - Stopped by Steve Mason without a rebound.
1:21 of 2nd period - Tim Conboy wins face-off versus Ben Holmstrom in Carnivores zone.
1:26 of 2nd period - Ville Koistinen is hit by Tim Conboy and loses puck.
1:46 of 2nd period - Josef Melichar is hit by Igor Radulov and loses puck.
1:51 of 2nd period - Backhand shot by Alexandre Bolduc.
1:51 of 2nd period - Stopped by Steve Mason without a rebound.
1:52 of 2nd period - Kyle Wilson wins face-off versus Alexandre Bolduc in Carnivores zone.
1:57 of 2nd period - Wrist shot by Andy Miele.
1:57 of 2nd period - Stopped by David LeNeveu without a rebound.
1:58 of 2nd period - Alexandre Bolduc wins face-off versus Matt Cullen in Gangsters zone.
1:58 of 2nd period - Alexandre Bolduc is hit by Matt Cullen.
2:05 of 2nd period - Icing by Bobby Sanguinetti.
2:06 of 2nd period - Alexandre Bolduc wins face-off versus Matt Cullen in Carnivores zone.
2:07 of 2nd period - Wrist shot by Igor Radulov.
2:07 of 2nd period - Deflect By Alexandre Bolduc.
2:07 of 2nd period - Shot Misses the Net.
2:07 of 2nd period - Puck is out of play.
2:08 of 2nd period - Alexandre Bolduc wins face-off versus Matt Cullen in Carnivores zone.
2:11 of 2nd period - Slapshot by Staffan Kronwall.
2:11 of 2nd period - Shot Misses the Net.
2:13 of 2nd period - Slapshot by Cory Murphy.
2:13 of 2nd period - Shot Blocked by Andrew Ference.
2:29 of 2nd period - Backhand shot by Igor Radulov.
2:29 of 2nd period - Deflect By Ryan Keller.
2:29 of 2nd period - Shot Blocked by Andy Miele.
2:29 of 2nd period - Puck is out of play.
2:30 of 2nd period - Manny Malhotra wins face-off versus Ryan Jones in Carnivores zone.
3:20 of 2nd period - Slapshot by Matt Cullen.
3:20 of 2nd period - Stopped by David LeNeveu with a rebound.
3:58 of 2nd period - Wrist shot by Tim Conboy.
3:58 of 2nd period - Stopped by David LeNeveu with a rebound.
4:02 of 2nd period - Snap shot by Tim Conboy.
4:02 of 2nd period - Stopped by David LeNeveu with a rebound.
4:06 of 2nd period - Slapshot by Josef Melichar.
4:06 of 2nd period - Shot Blocked by Alexei Emelin.
4:41 of 2nd period - Minor Penalty to Cal O'Reilly for High sticking.
4:42 of 2nd period - Alexandre Bolduc wins face-off versus Matt Cullen in Carnivores zone.
4:54 of 2nd period - Snap shot by Alexandre Bolduc.
4:54 of 2nd period - Shot Misses the Net.
6:41 of 2nd period - Penalty to Cal O'Reilly is over, Cal O'Reilly is back on ice.
6:51 of 2nd period - Icing by Cal O'Reilly.
6:52 of 2nd period - Manny Malhotra wins face-off versus Phil McRae in Carnivores zone.
6:52 of 2nd period - Manny Malhotra is hit by Luke Gazdic.
7:34 of 2nd period - Bobby Sanguinetti is hit by Alexei Emelin and loses puck.
7:45 of 2nd period - Snap shot by Ben Holmstrom.
7:45 of 2nd period - Shot Misses the Net.
7:55 of 2nd period - Maxime Sauvé is hit by Cal O'Reilly and loses puck.
8:32 of 2nd period - Snap shot by Staffan Kronwall.
8:32 of 2nd period - Shot Blocked by Andrew Ference.
8:34 of 2nd period - Slapshot by Alexei Emelin.
8:34 of 2nd period - Shot Blocked by Kyle Wilson.
10:39 of 2nd period - Slapshot by Cory Murphy.
10:39 of 2nd period - Stopped by Steve Mason without a rebound.
10:40 of 2nd period - Maxime Sauvé wins face-off versus Manny Malhotra in Carnivores zone.
10:40 of 2nd period - Alexei Emelin is hit by Andrew Ference and loses puck.
10:55 of 2nd period - Minor Penalty to Josef Melichar for Roughing.
10:56 of 2nd period - Alexandre Bolduc wins face-off versus Matt Cullen in Carnivores zone.
11:01 of 2nd period - Wrist shot by Igor Radulov.
11:01 of 2nd period - Shot Blocked by Andy Miele.
11:03 of 2nd period - Snap shot by Alexandre Bolduc.
11:03 of 2nd period - Stopped by Steve Mason with a rebound.
11:05 of 2nd period - Slapshot by Cory Murphy.
11:05 of 2nd period - Shot Misses the Net.
11:07 of 2nd period - Slapshot by Igor Radulov.
11:07 of 2nd period - Stopped by Steve Mason without a rebound.
11:08 of 2nd period - Matt Cullen wins face-off versus Alexandre Bolduc in Carnivores zone.
11:37 of 2nd period - Wrist shot by Igor Radulov.
11:37 of 2nd period - Shot Misses the Net.
11:39 of 2nd period - Slapshot by Ryan Keller.
11:39 of 2nd period - Shot Blocked by Chris Butler.
11:41 of 2nd period - Slapshot by Cory Murphy.
11:41 of 2nd period - Shot Blocked by Manny Malhotra.
11:43 of 2nd period - Snap shot by Ryan Keller.
11:43 of 2nd period - Stopped by Steve Mason with a rebound.
11:45 of 2nd period - Slapshot by Cory Murphy.
11:45 of 2nd period - Shot Blocked by Manny Malhotra.
11:47 of 2nd period - Wrist shot by Ryan Keller.
11:47 of 2nd period - Stopped by Steve Mason without a rebound.
11:48 of 2nd period - Matt Cullen wins face-off versus Ben Holmstrom in Carnivores zone.
11:48 of 2nd period - Matt Cullen is hit by Alexei Emelin.
12:55 of 2nd period - Penalty to Josef Melichar is over, Josef Melichar is back on ice.
13:12 of 2nd period - Snap shot by Cory Murphy.
13:12 of 2nd period - Stopped by Steve Mason with a rebound.
13:14 of 2nd period - Wrist shot by Mikko Lehtonen.
13:14 of 2nd period - Goal by Mikko Lehtonen - Gangsters : 2 - Carnivores : 0.
13:15 of 2nd period - Manny Malhotra wins face-off versus Alexandre Bolduc in neutral zone.
13:30 of 2nd period - Snap shot by Igor Radulov.
13:30 of 2nd period - Deflect By Alexandre Bolduc.
13:30 of 2nd period - Shot Misses the Net.
13:30 of 2nd period - Puck is out of play.
13:31 of 2nd period - Ben Holmstrom wins face-off versus Matt Cullen in Carnivores zone.
14:08 of 2nd period - Wrist shot by Manny Malhotra.
14:08 of 2nd period - Shot Misses the Net.
14:58 of 2nd period - Wrist shot by Andy Miele.
14:58 of 2nd period - Goal by Andy Miele - Gangsters : 2 - Carnivores : 1.
14:59 of 2nd period - Alexandre Bolduc wins face-off versus Manny Malhotra in neutral zone.
15:06 of 2nd period - Snap shot by Alexandre Bolduc.
15:06 of 2nd period - Shot Misses the Net.
15:08 of 2nd period - Slapshot by Alexandre Bolduc.
15:08 of 2nd period - Stopped by Steve Mason with a rebound.
15:10 of 2nd period - Slapshot by Ryan Keller.
15:10 of 2nd period - Shot Blocked by Manny Malhotra.
15:12 of 2nd period - Snap shot by Igor Radulov.
15:12 of 2nd period - Shot Misses the Net.
15:14 of 2nd period - Wrist shot by Alexandre Bolduc.
15:14 of 2nd period - Goal by Alexandre Bolduc - Gangsters : 3 - Carnivores : 1.
15:15 of 2nd period - Matt Cullen wins face-off versus Alexandre Bolduc in neutral zone.
15:40 of 2nd period - Cory Murphy is hit by Jeremy Welsh.
15:51 of 2nd period - Andrew Ference is hit by Ryan Jones and loses puck.
17:02 of 2nd period - Off-side.
17:03 of 2nd period - Kyle Wilson wins face-off versus Alexandre Bolduc in neutral zone.
17:12 of 2nd period - Wrist shot by Staffan Kronwall.
17:12 of 2nd period - Shot Blocked by Keith Aulie.
17:36 of 2nd period - Snap shot by Alexei Emelin.
17:36 of 2nd period - Shot Blocked by Andy Miele.
17:38 of 2nd period - Wrist shot by Alexei Emelin.
17:38 of 2nd period - Shot Misses the Net.
18:06 of 2nd period - Bobby Sanguinetti is hit by Cory Murphy and loses puck.
19:13 of 2nd period - Snap shot by Alexandre Bolduc.
19:13 of 2nd period - Stopped by Steve Mason without a rebound.
19:14 of 2nd period - Matt Cullen wins face-off versus Alexandre Bolduc in Carnivores zone.
19:14 of 2nd period - Matt Cullen is hit by Ville Koistinen.
19:22 of 2nd period - Wrist shot by Alexandre Bolduc.
19:22 of 2nd period - Stopped by Steve Mason without a rebound.
19:23 of 2nd period - Ben Holmstrom wins face-off versus Manny Malhotra in Carnivores zone.
19:24 of 2nd period - Slapshot by Chris Bourque.
19:24 of 2nd period - Shot Blocked by Josef Melichar.
19:25 of 2nd period - Minor Penalty to Jeremy Welsh for Goalie Interference.
19:26 of 2nd period - Matt Cullen wins face-off versus Alexandre Bolduc in Carnivores zone.
19:33 of 2nd period - Wrist shot by Alexandre Bolduc.
19:33 of 2nd period - Stopped by Steve Mason with a rebound.
19:35 of 2nd period - Wrist shot by Ryan Keller.
19:35 of 2nd period - Shot Misses the Net.
19:37 of 2nd period - Slapshot by Staffan Kronwall.
19:37 of 2nd period - Deflect By Ryan Keller.
19:37 of 2nd period - Shot Blocked by Josef Melichar.
19:37 of 2nd period - Puck is out of play.
19:38 of 2nd period - Alexandre Bolduc wins face-off versus Matt Cullen in Carnivores zone.
19:41 of 2nd period - Wrist shot by Alexandre Bolduc.
19:41 of 2nd period - Stopped by Steve Mason without a rebound.
19:42 of 2nd period - Matt Cullen wins face-off versus Alexandre Bolduc in Carnivores zone.
19:53 of 2nd period - Slapshot by Staffan Kronwall.
19:53 of 2nd period - Deflect By Andrew Ference.
19:53 of 2nd period - Stopped by Steve Mason with a rebound.
Goals for this period are 2 for Gangsters vs 1 for Carnivores.
Shots for this period are 16 for Gangsters vs 5 for Carnivores.
3rd period
0:01 of 3rd period - Matt Cullen wins face-off versus Igor Radulov in neutral zone.
0:35 of 3rd period - Slapshot by Staffan Kronwall.
0:35 of 3rd period - Deflect By Ben Holmstrom.
0:35 of 3rd period - Shot Misses the Net.
0:35 of 3rd period - Puck is out of play.
0:36 of 3rd period - Alexandre Bolduc wins face-off versus Manny Malhotra in Carnivores zone.
1:07 of 3rd period - Slapshot by Andy Miele.
1:07 of 3rd period - Shot Blocked by Alexei Emelin.
1:25 of 3rd period - Penalty to Jeremy Welsh is over, Jeremy Welsh is back on ice.
1:33 of 3rd period - Wrist shot by Tim Conboy.
1:33 of 3rd period - Shot Misses the Net.
1:35 of 3rd period - Wrist shot by Tim Conboy.
1:35 of 3rd period - Deflect By Staffan Kronwall.
1:35 of 3rd period - Shot Misses the Net.
1:35 of 3rd period - Puck is out of play.
1:36 of 3rd period - Manny Malhotra wins face-off versus Maxime Sauvé in Gangsters zone.
1:39 of 3rd period - Wrist shot by Manny Malhotra.
1:39 of 3rd period - Goal by Manny Malhotra - Gangsters : 3 - Carnivores : 2.
1:40 of 3rd period - Matt Cullen wins face-off versus Alexandre Bolduc in neutral zone.
1:42 of 3rd period - Off-side.
1:43 of 3rd period - Matt Cullen wins face-off versus Ryan Keller in neutral zone.
2:32 of 3rd period - Slapshot by Cal O'Reilly.
2:32 of 3rd period - Shot Blocked by Staffan Kronwall.
2:56 of 3rd period - Slapshot by Ryan Keller.
2:56 of 3rd period - Shot Misses the Net.
3:20 of 3rd period - Cal O'Reilly is hit by Phil McRae and loses puck.
4:34 of 3rd period - Snap shot by Mikko Lehtonen.
4:34 of 3rd period - Goal by Mikko Lehtonen - Gangsters : 4 - Carnivores : 2.
4:35 of 3rd period - Matt Cullen wins face-off versus Alexandre Bolduc in neutral zone.
4:42 of 3rd period - Ryan Keller is hit by Josef Melichar and loses puck.
4:59 of 3rd period - Jeremy Welsh is hit by Ryan Jones and loses puck.
5:04 of 3rd period - Snap shot by Ryan Jones.
5:04 of 3rd period - Deflect By Andrew Ference.
5:04 of 3rd period - Stopped by Steve Mason without a rebound.
5:05 of 3rd period - Matt Cullen wins face-off versus Ben Holmstrom in Carnivores zone.
5:18 of 3rd period - Slapshot by Ryan Jones.
5:18 of 3rd period - Shot Misses the Net.
5:20 of 3rd period - Slapshot by Bryan Young.
5:20 of 3rd period - Shot Blocked by Keith Aulie.
5:39 of 3rd period - Snap shot by Maxime Sauvé.
5:39 of 3rd period - Goal by Maxime Sauvé - Gangsters : 5 - Carnivores : 2.
5:39 of 3rd period - Corey Crawford enters game.
5:40 of 3rd period - Manny Malhotra wins face-off versus Alexandre Bolduc in neutral zone.
5:55 of 3rd period - Snap shot by Ryan Keller.
5:55 of 3rd period - Shot Misses the Net.
6:35 of 3rd period - Snap shot by Maxime Sauvé.
6:35 of 3rd period - Stopped by Corey Crawford without a rebound.
6:36 of 3rd period - Alexandre Bolduc wins face-off versus Manny Malhotra in Carnivores zone.
6:47 of 3rd period - Keith Aulie is hit by Igor Radulov.
6:54 of 3rd period - Minor Penalty to Bobby Sanguinetti for High sticking.
6:55 of 3rd period - Matt Cullen wins face-off versus Alexandre Bolduc in Carnivores zone.
7:28 of 3rd period - Icing by Ryan Jones.
7:29 of 3rd period - Ben Holmstrom wins face-off versus Manny Malhotra in Gangsters zone.
7:48 of 3rd period - Snap shot by Ben Holmstrom.
7:48 of 3rd period - Shot Misses the Net.
7:50 of 3rd period - Slapshot by Alexei Emelin.
7:50 of 3rd period - Shot Misses the Net.
7:52 of 3rd period - Snap shot by Ryan Jones.
7:52 of 3rd period - Shot Misses the Net.
7:56 of 3rd period - Wrist shot by Chris Bourque.
7:56 of 3rd period - Stopped by Corey Crawford without a rebound.
7:57 of 3rd period - Matt Cullen wins face-off versus Alexandre Bolduc in Carnivores zone.
8:06 of 3rd period - Slapshot by Staffan Kronwall.
8:06 of 3rd period - Deflect By Alexandre Bolduc.
8:06 of 3rd period - Shot Misses the Net.
8:06 of 3rd period - Puck is out of play.
8:07 of 3rd period - Matt Cullen wins face-off versus Alexandre Bolduc in Carnivores zone.
8:07 of 3rd period - Matt Cullen is hit by Alexandre Bolduc.
8:23 of 3rd period - Wrist shot by Igor Radulov.
8:23 of 3rd period - Goal by Igor Radulov - Gangsters : 6 - Carnivores : 2.
8:24 of 3rd period - Blake Geoffrion wins face-off versus Alexandre Bolduc in neutral zone.
8:27 of 3rd period - Ryan Keller is hit by Blake Geoffrion and loses puck.
8:34 of 3rd period - Snap shot by Andy Miele.
8:34 of 3rd period - Stopped by David LeNeveu with a rebound.
8:36 of 3rd period - Slapshot by Josef Melichar.
8:36 of 3rd period - Shot Blocked by Ryan Keller.
8:38 of 3rd period - Backhand shot by Andrew Ference.
8:38 of 3rd period - Shot Misses the Net.
8:40 of 3rd period - Slapshot by Andrew Ference.
8:40 of 3rd period - Stopped by David LeNeveu without a rebound.
8:41 of 3rd period - Ben Holmstrom wins face-off versus Manny Malhotra in Gangsters zone.
8:41 of 3rd period - Ben Holmstrom is hit by Manny Malhotra.
9:31 of 3rd period - Slapshot by Cory Murphy.
9:31 of 3rd period - Shot Blocked by Bobby Sanguinetti.
9:35 of 3rd period - Wrist shot by Mikko Lehtonen.
9:35 of 3rd period - Stopped by Corey Crawford with a rebound.
9:37 of 3rd period - Slapshot by Cory Murphy.
9:37 of 3rd period - Deflect By Dave Dziurzynski.
9:37 of 3rd period - Stopped by Corey Crawford with a rebound.
9:39 of 3rd period - Wrist shot by Staffan Kronwall.
9:39 of 3rd period - Shot Blocked by Bobby Sanguinetti.
9:39 of 3rd period - Bobby Sanguinetti from Carnivores is injured at 9:39 of 3rd period (Sprained Left Ankle).
9:40 of 3rd period - Matt Cullen wins face-off versus Alexandre Bolduc in Carnivores zone.
9:42 of 3rd period - Icing by Andy Miele.
9:43 of 3rd period - Alexandre Bolduc wins face-off versus Matt Cullen in Carnivores zone.
9:44 of 3rd period - Snap shot by Ryan Keller.
9:44 of 3rd period - Shot Misses the Net.
9:46 of 3rd period - Slapshot by Staffan Kronwall.
9:46 of 3rd period - Deflect By Ryan Keller.
9:46 of 3rd period - Stopped by Corey Crawford without a rebound.
9:47 of 3rd period - Igor Radulov wins face-off versus Matt Cullen in Carnivores zone.
9:50 of 3rd period - Snap shot by Igor Radulov.
9:50 of 3rd period - Stopped by Corey Crawford without a rebound.
9:51 of 3rd period - Matt Cullen wins face-off versus Alexandre Bolduc in Carnivores zone.
10:26 of 3rd period - Snap shot by Tim Conboy.
10:26 of 3rd period - Shot Misses the Net.
10:28 of 3rd period - Snap shot by Tim Conboy.
10:28 of 3rd period - Carnivores goal is going for a video replay.
10:28 of 3rd period - The goal is refused. The puck has been kicked using a distinct kicking motion..
10:29 of 3rd period - Matt Cullen wins face-off versus Alexandre Bolduc in Gangsters zone.
10:30 of 3rd period - Slapshot by Andy Miele.
10:30 of 3rd period - Deflect By Ville Koistinen.
10:30 of 3rd period - Stopped by David LeNeveu with a rebound.
11:18 of 3rd period - Slapshot by Matt Cullen.
11:18 of 3rd period - Stopped by David LeNeveu without a rebound.
11:19 of 3rd period - Kyle Wilson wins face-off versus Alexandre Bolduc in Gangsters zone.
12:21 of 3rd period - Slapshot by Alexei Emelin.
12:21 of 3rd period - Stopped by Corey Crawford without a rebound.
12:22 of 3rd period - Matt Cullen wins face-off versus Phil McRae in Carnivores zone.
12:22 of 3rd period - Matt Cullen is hit by Cory Murphy.
12:30 of 3rd period - Slapshot by Andy Miele.
12:30 of 3rd period - Stopped by David LeNeveu with a rebound.
12:32 of 3rd period - Snap shot by Matt Cullen.
12:32 of 3rd period - Shot Misses the Net.
12:47 of 3rd period - Wrist shot by Manny Malhotra.
12:47 of 3rd period - Goal by Manny Malhotra - Gangsters : 6 - Carnivores : 3.
12:48 of 3rd period - Alexandre Bolduc wins face-off versus Matt Cullen in neutral zone.
13:00 of 3rd period - Snap shot by Matt Cullen.
13:00 of 3rd period - Goal by Matt Cullen - Gangsters : 6 - Carnivores : 4.
13:01 of 3rd period - Alexandre Bolduc wins face-off versus Matt Cullen in neutral zone.
13:49 of 3rd period - Slapshot by Alexei Emelin.
13:49 of 3rd period - Deflect By Chris Lawrence.
13:49 of 3rd period - Stopped by Corey Crawford without a rebound.
13:50 of 3rd period - Cal O'Reilly wins face-off versus Ben Holmstrom in Carnivores zone.
13:50 of 3rd period - Cal O'Reilly is hit by Ryan Jones.
13:58 of 3rd period - Snap shot by Chris Lawrence.
13:58 of 3rd period - Stopped by David LeNeveu with a rebound.
14:00 of 3rd period - Wrist shot by Phil Oreskovic.
14:00 of 3rd period - Stopped by David LeNeveu without a rebound.
14:01 of 3rd period - Matt Cullen wins face-off versus Ben Holmstrom in Gangsters zone.
14:16 of 3rd period - Slapshot by Andy Miele.
14:16 of 3rd period - Stopped by David LeNeveu without a rebound.
14:17 of 3rd period - Manny Malhotra wins face-off versus Alexandre Bolduc in Gangsters zone.
14:32 of 3rd period - Wrist shot by Alexandre Bolduc.
14:32 of 3rd period - Shot Misses the Net.
14:50 of 3rd period - Wrist shot by Andy Miele.
14:50 of 3rd period - Stopped by David LeNeveu without a rebound.
14:51 of 3rd period - Igor Radulov wins face-off versus Matt Cullen in Gangsters zone.
14:58 of 3rd period - Icing by Andrew Ference.
14:59 of 3rd period - Alexandre Bolduc wins face-off versus Matt Cullen in Carnivores zone.
18:06 of 3rd period - Slapshot by Cory Murphy.
18:06 of 3rd period - Deflect By Keith Aulie.
18:06 of 3rd period - Stopped by Corey Crawford with a rebound.
18:08 of 3rd period - Slapshot by Staffan Kronwall.
18:08 of 3rd period - Shot Misses the Net.
18:10 of 3rd period - Slapshot by Phil McRae.
18:10 of 3rd period - Shot Misses the Net.
18:20 of 3rd period - Andy Miele is hit by Chris Bourque.
19:36 of 3rd period - Igor Radulov is hit by Chris Butler and loses puck.
19:49 of 3rd period - Staffan Kronwall is hit by Cal O'Reilly and loses puck.
Goals for this period are 3 for Gangsters vs 3 for Carnivores.
Shots for this period are 13 for Gangsters vs 13 for Carnivores.
Output by the SimonT Hockey Simulator (STHS) for François Prévost -- Original Page W3C XHTML 1.0 Valid